 Dungeon Crawl Stone Soup version 0.32-a0-779-g362cfcae2a (webtiles) character file.

Game seed: 1711725416429666497

5530 hikkokomori the Trooper (level 10, -2/84 HPs)
             Began as a Mountain Dwarf Fighter on Mar 19, 2024.
             Was an Initiate of Gozag.
             Slain by a yak (8 damage)
             ... on level 9 of the Dungeon.
             The game lasted 00:22:52 (8177 turns).

hikkokomori the Trooper (Mountain Dwarf Fighter)    Turns: 8177, Time: 00:22:53

Health: -2/84      AC: 13    Str: 19    XL:     10   Next: 43%
Magic:  18/18      EV:  6    Int: 13    God:    Gozag
Gold:   555        SH:  4    Dex:  9    Spells: 6/19 levels left

rFire   . . .        t - +7 trident (freeze)
rCold   . . .        c - +0 buckler
rNeg    . . .        u - +1 chain mail of the Heavens {Rampage Stlth+}
rPois   .            (no helmet)
rElec   .            B - +1 cloak
rCorr   +            s - +0 pair of gloves {Stlth+}
SInv    .            (no boots)
Will    +....        (no amulet)
Stlth   +            e - ring of wizardry
HPRegen 0.34/turn    C - ring of resist corrosion
MPRegen 0.16/turn

%: rampage, wizardry (x1)
@: gold aura
A: runic magic, artefact enchanting
a: Renounce Religion, Potion Petition, Call Merchant, Bribe Branch


You were on level 9 of the Dungeon.
You worshipped Gozag.
Gozag was pleased with you.
You visited 2 branches of the dungeon, and saw 10 of its levels.
You also visited: Sewer.

You collected 679 gold pieces.
You paid 124 gold pieces to Gozag.

Inventory:

Hand Weapons
 a - a +0 war axe
 o - a +5 short sword
 t - a +7 trident of freezing (weapon)
 D - the +12 flail of a wizard's laboratory {heavy, rPois rC++ Dex+2}
   (You found it on level 8 of the Dungeon)

   Dex+2:     It affects your dexterity (+2).
   rC++:      It greatly protects you from cold.
   rPois:     It protects you from poison.
Armour
 b - a +0 scale mail
 c - a +0 buckler (worn)
 j - a +0 cloak
 k - a +0 kite shield
 l - the +0 robe of Shadows and Fog {Regen+ Str-3 Dex+4 SInv}
   (You took it off a goblin on level 4 of the Dungeon)

   Str-3:     It affects your strength (-3).
   Dex+4:     It affects your dexterity (+4).
   SInv:      It lets you see invisible.
   Regen+:    It increases your rate of health regeneration.
 s - a +0 pair of gloves of stealth (worn)
 u - the +1 chain mail of the Heavens (worn) {Rampage Stlth+}
   (You found it on level 6 of the Dungeon)

   Rampage:   It bestows one free step when moving towards enemies.
   Stlth+:    It makes you more stealthy.
 B - a +1 cloak (worn)
Jewellery
 e - a ring of wizardry (left hand)
 C - a ring of resist corrosion (right hand)
Wands
 r - a wand of mindburst (6)
 A - a wand of iceblast (7)
 F - a wand of charming (8)
Scrolls
 p - 2 scrolls of fog
 x - a scroll of teleportation {unknown}
 y - a scroll of vulnerability
 z - a scroll of acquirement {unknown}
Potions
 d - 2 potions of might
 f - 2 potions of haste
 g - 2 potions of enlightenment
 h - 3 potions of curing
 i - a potion of heal wounds
 m - 4 potions of resistance
 n - 3 potions of magic
 q - 4 potions of brilliance
 v - 2 potions of invisibility {unknown}
 w - a potion of mutation {unknown}


   Skills:
 + Level 6.7 Fighting
 - Level 1.6 Short Blades
 - Level 6.0(7.4) Axes
 + Level 5.4(6.4) Polearms
 - Level 4.0 Armour
 - Level 2.0 Stealth
 - Level 5.0 Shields
 + Level 5.4 Spellcasting
 + Level 4.4 Conjurations
 - Level 3.0 Translocations
 + Level 6.1 Earth Magic
 - Level 4.0 Evocations


You had 6 spell levels left.
You knew the following spells:

 Your Spells              Type           Power      Damage    Failure   Level
a - Blink                 Tloc           22%        N/A       6%          2
b - Lesser Beckoning      Tloc           22%        N/A       6%          2
c - Bombard               Conj/Erth      8%         9d2       92%         6
d - Passwall              Erth           19%        N/A       3%          3

Your spell library contained the following spells:

 Spells                   Type           Power      Damage    Failure   Level
 Momentum Strike          Conj/Tloc      26%        3d8       4%          2
 Cigotuvi's Dreadful Rot  Necr/Alch/Air  6%         N/A       22%         2
 Volatile Blastmotes      Fire/Tloc      14%        2d11      24%         3
 Sigil of Binding         Hex            3%         N/A       38%         3
 Passage of Golubria      Tloc           11%        N/A       38%         4
 Dispel Undead            Necr           3%         3d7       78%         4
 Martyr's Knell           Necr/Summ      3%         N/A       78%         4
 Silence                  Hex/Air        1%         N/A       98%         5
 Death Channel            Necr           1%         N/A       100%        6
 Sculpt Simulacrum        Ice/Alch       1%         N/A       100%        6
 Lehudib's Crystal Spear  Conj/Erth      8%         10d4      100%        8


Dungeon Overview and Level Annotations

Branches:
Dungeon (9/15)             Temple (1/1) D:5           Sewer (visited)
   Lair: D:8-11         Orc: D:9-12

Altars:
Ashenzari
Cheibriados
Dithmenos
Elyvilon
Gozag
Hepliaklqana
Kikubaaqudgha
Makhleb
Nemelex Xobeh
Okawaru
Qazlal
Sif Muna
Trog
Uskayaw
Vehumet
Wu Jian
Xom
Yredelemnul
Zin
The Shining One

Annotations:
D:3 3 runed translucent doors, hecktor's ghost, weakling OpHu


Innate Abilities, Weirdness & Mutations

Your spellcasting is much less encumbered by armour.
You can use scrolls of enchantment on lesser artefacts.


Message History

You are too injured to fight recklessly!
You are too injured to fight recklessly!
You are too injured to fight recklessly!
You are too injured to fight recklessly!
You puncture the yak! You freeze the yak.
The yak is moderately wounded.
The yak gores you! x2
You puncture the yak! You freeze the yak.
The yak is severely wounded.
The yak completely misses you. You block the yak's attack.
You hit the yak. You freeze the yak.
The yak is severely wounded.
The yak completely misses you. The yak gores you.
You completely miss the yak.
The yak is severely wounded.
The yak gores you but does no damage. The yak gores you.
You puncture the yak! You freeze the yak.
You kill the yak!
The yak gores you.
You puncture the yak! You freeze the yak.
The yak is moderately wounded.
You impale the yak!! You freeze the yak.
The yak is severely wounded.
The yak barely misses you. The yak gores you.
You barely miss the yak.
The yak is severely wounded.
The yak gores you.
* * * LOW HITPOINT WARNING * * *
The yak gores you!
* * * LOW HITPOINT WARNING * * *
You puncture the yak! You freeze the yak.
You kill the yak!
The yak gores you but does no damage.
You hit the yak. You freeze the yak.
The yak is heavily wounded.
The yak gores you!
* * * LOW HITPOINT WARNING * * *
The yak gores you!
You die...
Your body crumbles into a pile of gold.

#. #... #.. ##.)
### ## ... #..##
#.. #.###....##
##...##.##Y.....##
.........Y@.......
.........#########
.(.....#<#
.#..........#
#....##.##.# ##.#.
..# # #.#. #.# # .
... # ###


You could see 2 yaks.

Vanquished Creatures
  Maurice (D:8)
  Jeremiah (D:8)
  4 yaks (D:9)
  A steam dragon (D:7)
  4 vampire mosquitoes (D:7)
  A water moccasin (D:7)
  3 sky beasts
  3 black bears
  3 orc warriors
  2 ice beasts
  A centaur (D:6)
  2 phantoms
  2 kobold brigands
  3 bullfrogs
  A gnoll sergeant (D:6)
  2 scorpions
  17 wights
  A howler monkey (D:7)
  A bombardier beetle (D:5)
  2 orc priests
  5 hounds
  2 jellies
  4 sleepcaps
  6 orc wizards
  7 gnolls
  8 adders
  9 river rats (Sewer)
  3 shadow imps
  2 white imps
  4 dart slugs
  3 ribbon worms
  24 orcs
  7 endoplasms
  4 giant cockroaches
  6 goblins
  4 hobgoblins
  4 jackals (D:2)
  24 kobolds
  3 quokkas
  14 ball pythons
  5 bats
  3 frilled lizards
  25 rats
231 creatures vanquished.

Vanquished Creatures (collateral kills)
  A phantom (D:5)
  4 orcs (D:5)
5 creatures vanquished.

Grand Total: 236 creatures vanquished

Notes
Turn   | Place    | Note
-------+----------+-------------------------------------------
     0 | D:1      | hikkokomori the Mountain Dwarf Fighter began the quest for
                  | the Orb.
     0 | D:1      | Reached XP level 1. HP: 19/19 MP: 1/1
   229 | D:1      | Reached XP level 2. HP: 18/26 MP: 2/2
   731 | D:2      | Reached XP level 3. HP: 33/33 MP: 3/3
   734 | D:2      | Learned a level 2 spell: Blink
  1746 | D:3      | Reached XP level 4. HP: 34/40 MP: 3/5
  1840 | D:3      | Found a runed translucent gate.
  1841 | D:3      | Found a runed translucent gate.
  1842 | D:3      | Found a runed translucent gate.
  1843 | D:3      | Noticed hecktor's ghost (weakling OpHu)
  2008 | D:3      | Found a faded altar of an unknown god.
  2199 | D:3      | Learned a level 2 spell: Lesser Beckoning
  2399 | D:4      | Identified the +0 robe of Shadows and Fog {Regen+ Str-3
                  | Dex+4 SInv}
  2426 | D:4      | Reached skill level 1 in Spellcasting
  2544 | D:4      | Reached XP level 5. HP: 31/46 MP: 5/7
  2941 | D:4      | Found a sparkling altar of Nemelex Xobeh.
  2941 | D:4      | Found a snail-covered altar of Cheibriados.
  3019 | D:5      | Entered Level 5 of the Dungeon
  3019 | D:5      | Noticed a phantom
  3027 | D:5      | Reached skill level 5 in Axes
  3027 | D:5      | Reached XP level 6. HP: 34/52 MP: 9/9
  3103 | D:5      | Learned a level 6 spell: Bombard
  3120 | D:5      | Reached XP level 7. HP: 59/59 MP: 12/12
  3122 | D:5      | Found a staircase to the Ecumenical Temple.
  3364 | D:5      | Reached skill level 1 in Earth Magic
  3444 | D:5      | Reached skill level 1 in Translocations
  3943 | D:6      | Reached skill level 5 in Fighting
  3943 | D:6      | Reached skill level 1 in Short Blades
  3943 | D:6      | Reached skill level 1 in Evocations
  3953 | D:6      | Reached XP level 8. HP: 26/68 MP: 13/13
  3957 | D:6      | Learned a level 3 spell: Passwall
  4174 | D:6      | Reached skill level 1 in Stealth
  4178 | D:6      | Identified the +1 chain mail of the Heavens {Rampage
                  | Stlth+}
  4186 | D:6      | Found a glowing drain.
  4192 | Sewer    | Entered a sewer
  4254 | Sewer    | Reached skill level 1 in Polearms
  5105 | D:7      | Reached skill level 1 in Conjurations
  5105 | D:7      | Reached XP level 9. HP: 23/70 MP: 14/14
  5485 | D:7      | Reached skill level 5 in Shields
  5629 | Temple   | Entered the Ecumenical Temple
  5644 | Temple   | Became a worshipper of Gozag Ym Sagoz the Greedy
  5699 | D:7      | Found a shimmering blue altar of Sif Muna.
  5762 | D:7      | Found a shadowy altar of Dithmenos.
  5954 | D:7      | Found a stormy altar of Qazlal.
  5966 | D:7      | HP: 1/67 [wight/+3 battleaxe of freezing (6)]
  6256 | D:6      | Reached skill level 5 in Earth Magic
  6746 | D:8      | Noticed Maurice
  6755 | D:8      | Something stole a +5 short sword
  6769 | D:8      | Killed Maurice
  6770 | D:8      | Reached XP level 10. HP: 38/83 MP: 13/17
  6969 | D:8      | Identified the +12 flail of a wizard's laboratory {heavy,
                  | rPois rC++ Dex+2}
  7121 | D:8      | Reached skill level 5 in Spellcasting
  7498 | D:8      | Reached skill level 5 in Polearms
  7820 | D:8      | Noticed Jeremiah
  7833 | D:8      | Killed Jeremiah
  8177 | D:9      | Slain by a yak

Illustrated notes

Levels and vault maps discovered:
D:1:      evilmike_arrival_plus, layout_basic, nrook_loot_triangle
D:2:      layout_basic
D:3:      layout_basic, gammafunk_ghost_necromancy, serial_corexii_hall,
          chequers_hall_statues_wall_a, corexii_hall_statues_i,
          ebering_ecumenical_altar_hall
D:4:      layout_rooms, nicolae_overflow_two_pavilions, serial_park_tiny_pond
D:5:      layout_rooms, temple_pool_b, serial_corexii_hall,
          chequers_hall_statues_wall_a, chequers_hall_statues_wall_a,
          corexii_hall_statues_s
D:6:      layout_loops_ring, portal_sewer_entry_e
D:7:      layout_loops_corners, nicolae_sif_muna_condensation,
          mainiacjoe_overflow_six_doors_small, lemuel_crystal_altar,
          minmay_fractal_squares_gapless_5
D:8:      layout_basic, serial_rivers, chequers_serial_rivers_micro_c,
          chequers_serial_rivers_marsh, chequers_serial_rivers_small_b,
          chequers_serial_rivers_small_a, chequers_serial_rivers_marsh,
          uniq_maurice, uniq_jeremiah
D:9:      layout_loops_cross, mainiacjoe_overflow_tiny_flanked, orc_0_dummy,
          serial_bayou, serial_bayou_lake_a, serial_bayou_pond_c,
          serial_bayou_lagoon_b, serial_bayou_crossing, minivault_19
Temple:   eino_wide_crystal_templ

Skill      XL: |  1  2  3  4  5  6  7  8  9 10 |
---------------+-------------------------------+-----
Axes           | 3 4 5 6 |  6.0
Shields        | 4 5 |  5.0
Fighting       | 4 5 6 |  6.7
Armour         | 4 |  4.0
Spellcasting   | 1 2 3 4 5 |  5.4
Earth Magic    | 2 5 6 |  6.1
Translocations | 2 3 |  3.0
Short Blades   | 1 |  1.6
Evocations     | 1 3 4 |  4.0
Stealth        | 2 |  2.0
Polearms       | 2 4 5 |  5.4
Conjurations   | 1 3 4 |  4.4

Action                     |  1- 3 |  4- 6 |  7- 9 | 10-12 || total
---------------------------+-------+-------+-------+-------++-------
  Melee: War axe           |   131 |   119 |       |       ||   250
         Short sword       |       |     2 |   185 |       ||   187
         Trident           |       |       |   289 |    95 ||   384
   Cast: Blink             |       |       |     2 |       ||     2
  Evoke: Wand              |       |       |    14 |       ||    14
    Use: Scroll            |     2 |     9 |     2 |     1 ||    14
         Potion            |       |       |     8 |     1 ||     9
   Stab: Sleeping          |       |     1 |    11 |       ||    12
 Armour: Scale mail        |   118 |    40 |       |       ||   158
         Robe              |       |    52 |   391 |       ||   443
         Chain mail        |       |       |    34 |    66 ||   100
  Dodge: Dodged            |    54 |    41 |   207 |    13 ||   315
  Block: Buckler           |    26 |    29 |   122 |    13 ||   190

Table legend: (Time is in decaauts)
 A = Elapsed time spent in this place.
 B = Non-inter-level travel time spent in this place.
 C = Inter-level travel time spent in this place.
 D = Time resting spent in this place.
 E = Time spent auto-exploring this place.
 F = Levels seen in this place.
 G = Mean time per level.
                   A        B        C        D        E       F      G
               +--------+--------+--------+--------+--------+-----+--------+
         Total |   8266 |   7824 |    442 |    484 |   5379 |  11 |  751.5 |
       Dungeon |   7816 |   7404 |    412 |    484 |   5177 |   9 |  868.4 |
        Temple |     30 |      1 |     29 |      0 |      0 |   1 |   30.0 |
         Sewer |    419 |    419 |      0 |      0 |    202 |   1 |  419.0 |
               +--------+--------+--------+--------+--------+-----+--------+

Top non-repeatable levels by time:
     D:8: 1418 daAuts
     D:7: 1262 daAuts
     D:6: 1209 daAuts
     D:3: 832 daAuts
     D:2: 824 daAuts
     D:5: 794 daAuts
     D:4: 780 daAuts
     D:1: 666 daAuts
   Sewer: 419 daAuts
  Temple: 30 daAuts
     D:9: 27 daAuts
